 Dungeon Crawl Stone Soup version 0.30-a0-949-g53dc5368d7 (webtiles) character file.

Game seed: 11555593005773210403

21161 ytrimaz the Severer (level 13, -1/92 (101) HPs)
             Began as a Formicid Fighter on Mar 23, 2023.
             Was the Champion of Okawaru.
             Killed from afar by an orc sorcerer (20 damage)
             ... with a bolt of negative energy
             ... on level 2 of the Orcish Mines on Mar 27, 2023.
             The game lasted 00:17:26 (10944 turns).

ytrimaz the Severer (Formicid Fighter)             Turns: 10944, Time: 00:17:27

HP:   -1/92 (101)   AC: 18    Str: 23    XL:     13   Next: 17%
MP:   8/13          EV:  9    Int:  8    God:    Okawaru [******]
Gold: 1097          SH: 12    Dex: 16    Spells: 12/12 levels left

rFire   + . .      SeeInvis +    a - +1 war axe (venom)
rCold   . . .      Faith    .    C - +1 kite shield {rPois}
rNeg    + . .      Spirit   .    A - +4 ring mail of Boisiw {rPois rN+ Regen+ Str-3 Dex+3}
rPois   +          Reflect  .    (helmet unavailable)
rElec   .          Rampage  .    j - +1 cloak
rCorr   +                        K - +2 pair of gloves
Will    +....                    J - +0 pair of boots {Stlth+}
Stlth   ++                       m - amulet of regeneration
HPRegen 1.95/turn                B - ring of resist corrosion
MPRegen 0.13/turn                x - ring of protection from fire

@: drained
A: permanent stasis, dig shafts and tunnels, antennae 3, four strong arms
a: Dig, Shaft Self, Renounce Religion, Heroism, Finesse, Duel


You were on level 2 of the Orcish Mines.
You worshipped Okawaru.
Okawaru was exalted by your worship.
You visited 3 branches of the dungeon, and saw 15 of its levels.
You also visited: Sewer, Ossuary and Bailey.

You collected 1097 gold pieces.


Innate Abilities, Weirdness & Mutations

You cannot be hasted, slowed, berserked, paralysed or teleported.
You can dig through walls and to a lower floor.
You have a pair of large antennae on your head. (SInv)
Your four strong arms can wield two-handed weapons with a shield.


   Skills:
 + Level 9.2 Fighting
 - Level 16.7 Axes
 + Level 9.2 Armour
 + Level 9.5 Shields


You had 12 spell levels left.
You didn't know any spells.
Your spell library contained the following spells:

 Spells                   Type           Power      Damage    Failure   Level
 Sandblast                Erth           0%         2d4       77%         1
 Passwall                 Tmut/Erth      0%         N/A       88%         2
 Ignite Poison            Fire/Tmut/Pois 0%         N/A       98%         3
 Portal Projectile        Hex/Tloc       0%         N/A       98%         3
 Stone Arrow              Conj/Erth      0%         3d7       98%         3
 Leda's Liquefaction      Hex/Erth       0%         N/A       100%        4
 Olgreb's Toxic Radiance  Pois           0%         N/A       100%        4
 Sticky Flame             Conj/Fire      0%         2d3       100%        4
 Blade Hands              Tmut           0%         N/A       100%        5
 Ozocubu's Refrigeration  Ice            0%         4d7       100%        7
 Ignition                 Fire           0%         3d3       100%        8
 Call Canine Familiar     Summ           Unusable   N/A       N/A         3
 Tukima's Dance           Hex            Unusable   N/A       N/A         3

Inventory:

Hand Weapons
 a - a +1 war axe of venom (weapon)
 b - a +4 battleaxe
   (You took it off a wight on level 7 of the Dungeon)
 r - a +0 war axe of electrocution
   (Okawaru gifted it to you on level 9 of the Dungeon)
 I - a +0 broad axe
   (You found it on level 8 of the Dungeon)
 P - a +0 heavy hand axe
   (Okawaru gifted it to you on level 11 of the Dungeon)
Missiles
 f - 10 throwing nets
Armour
 c - a +0 buckler
 j - a +1 cloak (worn)
   (You found it on level 1 of the Dungeon)
 A - the +4 ring mail of Boisiw (worn) {rPois rN+ Regen+ Str-3 Dex+3}
   (You found it on level 5 of the Dungeon)

   Str:       It affects your strength (-3).
   Dex:       It affects your dexterity (+3).
   rPois:     It protects you from poison.
   rN:        It protects you from negative energy.
   Regen:     It increases your rate of health regeneration.
 C - a +1 kite shield of poison resistance (worn)
   (You took it off a gnoll sergeant on level 10 of the Dungeon)
 J - a +0 pair of boots of stealth (worn)
   (You found it on level 10 of the Dungeon)
 K - a +2 pair of gloves (worn)
   (You found it on level 9 of the Dungeon)
Jewellery
 e - a ring of ice
   (You found it on level 1 of the Dungeon)
 k - a ring of wizardry
   (You found it on level 3 of the Dungeon)
 m - an amulet of regeneration (around neck)
   (You found it on level 2 of the Dungeon)
 q - an amulet of magic regeneration
   (You found it on level 2 of the Dungeon)
 s - a +6 ring of intelligence
   (You took it off a gnoll sergeant on level 10 of the Dungeon)
 v - a +5 ring of evasion
   (You found it on level 3 of the Dungeon)
 x - a ring of protection from fire (right hand)
   (You found it on level 2 of the Dungeon)
 B - a ring of resist corrosion (left hand)
   (You found it on level 9 of the Dungeon)
 N - a ring of fire
   (You found it on level 10 of the Dungeon)
 O - a ring of poison resistance
   (You found it on level 10 of the Dungeon)
Wands
 M - a wand of flame (13)
   (You found it on level 9 of the Dungeon)
Scrolls
 i - 2 scrolls of poison
 o - 2 scrolls of fog
 t - a scroll of magic mapping
 y - 4 scrolls of vulnerability
 D - 2 scrolls of enchant weapon
 E - 4 scrolls of amnesia
 F - 2 scrolls of torment
 H - 4 scrolls of identify
Potions
 d - 4 potions of might
 g - 2 potions of magic
 h - 2 potions of mutation
 l - 2 potions of attraction
 n - 5 potions of curing
 p - 3 potions of degeneration
 u - 7 potions of flight
 w - 5 potions of brilliance
 z - 2 potions of invisibility
 G - a potion of lignification
 L - a potion of cancellation
 Q - a potion of resistance

Dungeon Overview and Level Annotations

Branches:
Dungeon (12/15) Zot: 26720  Temple (1/1) D:5 Zot: 5911    Lair (0/5) D:9
    Orc (2/2) D:9 Zot: 11271     Elf (0/3) Orc:2         Sewer (visited)
Ossuary (visited)          Bailey (visited)

Altars:
Ashenzari
Cheibriados
Dithmenos
Elyvilon
Fedhas
Gozag
Hepliaklqana
Kikubaaqudgha
Makhleb
Nemelex Xobeh
Okawaru
Qazlal
Ru
Sif Muna
Trog
Uskayaw
Vehumet
Wu Jian
Xom
Yredelemnul
Zin
The Shining One

Shops:
D:11 =

Annotations:
D:4 3 runed translucent doors, SoulCrusher669's ghost, amateur DsGl
D:5 2 transporters
D:9 exclusion: door
D:11 exclusion: obsidian statue
Orc:2 2 transporters, Pooter's ghost, journeyman MiBe

#o...o.).....# #.o.........##
#.o.o4.....## #..o........##
{ #ooo..)).....# {{
#.33...)....## {
##...........# ##..........##
################@...........#
.............#....)........##
#....#......#....#..........#
............#.)##...#.......#
........#......###.........##
#........#..#.## ##.#......
#...........### ###...#
.....#.......# #.
.........#..##


You could see an orc warlord (strong, very poisoned), an orc knight (strong), a
sun demon (summoned), a sixfirhy (summoned), 2 orc sorcerers, a red devil
(summoned) and 2 orc warriors.


Message History

MASSIVE DAMAGE!! (PAUSE) Unknown command.
As you read the scroll of fog, it crumbles to dust.
The scroll dissolves into smoke.
An orc warrior comes into view. It is wielding a +0 long sword.
The orc wizard casts a spell.
The orc wizard flickers and vanishes for a moment.
The orc warlord roars a battlecry!
The orc wizard gestures wildly while chanting.
The orc wizard flickers and vanishes for a moment.
You hear a shout! x3
Unknown command. 😨 HP[+2] MP[+1]
You regained 2 hp, and now have 28/99 hp.
You slice the orc wizard!!
You kill the orc wizard!
Okawaru accepts your kill.
You hit the orc priest but do no damage.
The orc priest is poisoned.
You barely miss the orc warlord. 😨 HP[+1] Unknown command.
The sun demon attacks as you move away! The sun demon closely misses you.
You block the orc knight's attack. You block the orc warlord's attack.
You block the red devil's attack.
Things that are here:
a +0 dagger; a +0 robe; an orc corpse; 😨 HP[+2]
You regained 2 hp, and now have 31/99 hp.
The orc sorcerer attacks as you move away!
The orc sorcerer hits you but does no damage.
An orc comes into view. It is wielding a +0 club.
The orc no longer looks unusually strong.
The orc knight hits you with a +0 long sword!
* * * LOW HITPOINT WARNING * * *
An orc high priest comes into view. It is wielding a +0 hand axe.
The orc priest calls upon Beogh to heal the orc warlord.
The orc warlord is healed somewhat.
The orc warlord roars a battlecry! 😱 HP[-11]
You take 11 damage, and now have 20/99 hp.
Unknown command.
You feel like a meek peon again.
The orc wizard no longer looks unusually strong.
The orc priest mumbles some strange prayers to Beogh against you.
Beogh smites you!
* * * LOW HITPOINT WARNING * * *
😱 HP[-8]
You take 8 damage, and now have 12/99 hp.
Your hands slow down.
The orc knight no longer looks unusually strong.
The orc knight roars a battlecry!
The orcs go into a battle-frenzy! 😱 HP[+2]
You regained 2 hp, and now have 14/99 hp.
The orc sorcerer attacks as you move away!
The orc sorcerer barely misses you.
The orc priest no longer looks unusually strong.
The orc warlord roars a battlecry!
You hear a shout! 😱 HP[+2]
You regained 2 hp, and now have 16/99 hp.
You hear a shout!
The orc knight no longer looks unusually strong.
The orc sorcerer howls an incantation.
The orc sorcerer shimmers violently.
The orc sorcerer points at you and mumbles some strange words.
The bolt of fire hits you but does no damage.
You resist.
The orc warlord roars a battlecry!
The orc knight goes into a battle-frenzy! 😱 HP[+2]
You regained 2 hp, and now have 18/99 hp.
The orc knight roars a battlecry!
The orc knight goes into a battle-frenzy!
The orc high priest utters an invocation to Beogh. 😱 HP[+2]
You regained 2 hp, and now have 20/99 hp.
The orc sorcerer no longer looks unusually strong.
The orc priest no longer looks unusually strong.
The orc sorcerer no longer looks unusually strong. 😱 HP[+2] MP[+1]
You regained 2 hp, and now have 22/99 hp.
The orc warrior no longer looks unusually strong.
The orc warlord roars a battlecry!
The orcs go into a battle-frenzy!
You hear a shout! 😱 HP[+2]
You regained 2 hp, and now have 24/99 hp.
The orc sorcerer points at you and mumbles some strange words.
The bolt of negative energy hits you! You partially resist.
You feel drained.
* * * LOW HITPOINT WARNING * * *
😱 HP[-6]
You now have 96 max hp (-3).
You take 6 damage, and now have 18/96 hp.
The orc sorcerer points at you and mumbles some strange words.
The bolt of negative energy hits the sixfirhy.
The sixfirhy completely resists.
The bolt of negative energy hits you!! You partially resist.
You feel drained.
You die...

Skill      XL: |  1  2  3  4  5  6  7  8  9 10 11 12 13 |
---------------+----------------------------------------+-----
Axes           | 3 4 5 6 8 10 12 15 16 | 16.7
Fighting       | 5 8 9 |  9.2
Armour         | 5 8 9 |  9.2
Shields        | 8 9 |  9.5

Action                     |  1- 3 |  4- 6 |  7- 9 | 10-12 | 13-15 || total
---------------------------+-------+-------+-------+-------+-------++-------
  Melee: War axe           |    96 |   148 |   300 |   481 |   102 ||  1127
 Invoke: Heroism           |       |       |     1 |     2 |     1 ||     4
         Finesse           |       |       |       |       |     1 ||     1
Ability: Dig               |       |       |     5 |       |       ||     5
    Use: Scroll            |     3 |    15 |     9 |     3 |     1 ||    31
         Potion            |       |       |     1 |     6 |       ||     7
   Stab: Invisible         |       |       |       |     5 |       ||     5
         Sleeping          |       |       |       |     1 |       ||     1
 Armour: Scale mail        |    32 |    49 |    16 |       |       ||    97
         Ring mail         |       |       |    71 |   216 |    45 ||   332
  Dodge: Dodged            |    37 |    93 |   166 |   378 |    42 ||   716
  Block: Buckler           |    23 |    28 |    73 |   160 |    23 ||   307
         Kite shield       |       |       |       |       |    32 ||    32

Levels and vault maps discovered:
D:1:      beargit_arrival_diablo_church, layout_basic, reono_crystal_passage
D:2:      layout_basic, kennysheep_generic_room_12, uniq_terence, uniq_robin
D:3:      wad_river_or_something, layout_loops_cross,
          grunt_temple_overflow_open, minmay_misc_feat_encased, minmay_cupped,
          uniq_natasha
D:4:      layout_basic, ebering_ghost_rock_garden, nicolae_elevator_lobby_plus,
          uniq_eustachio, uniq_menkaure
D:5:      gammafunk_cloud_chamber, layout_basic, temple_fountains,
          nicolae_figureground_sparkle
D:6:      layout_cave_pods, gup_sewer_entry_spiral, nicolae_ossuary_entry_plus
D:7:      layout_basic, the_hattery
D:8:      layout_cave_pools, trog_ov_bears_minmay, grunt_gozag_statues,
          enter_bailey_2, dreamdust_mushroom_princess
D:9:      layout_roguey, marbit_many_paths, david_lair_shrubbed, orc_0_dummy,
          hangedman_decor_slide_cut, minmay_evil_grid, uniq_maggie
D:10:     layout_rooms, mainiacjoe_overflow_chevrons
D:11:     layout_loops_ring, serial_shops, shop, minivault_16, uniq_erica
D:12:     layout_basic, corner_web_ring, drop_trap
Temple:   eino_wide_crystal_templ
Orc:1:    cheibrodos_orc_guarddog, layout_caves
Orc:2:    st_orc_congregation, layout_caves, gammafunk_ghost_smash

Notes
Turn   | Place    | Note
-------+----------+-------------------------------------------
     0 | D:1      | ytrimaz the Formicid Fighter began the quest for the Orb.
     0 | D:1      | Reached XP level 1. HP: 18/18 MP: 1/1
     0 | D:1      | magus.rc [v1.9.6]
   114 | D:1      | You pick up a book of the Hunter and begin reading...
   114 | D:1      | You add the spells Call Canine Familiar, Portal Projectile
                  | and Leda's Liquefaction to your library.
   124 | D:1      | Reached XP level 2. HP: 9/24 MP: 2/2
   784 | D:1      | Upgraded the game from 0.30-a0-930-gb9d0489357 to
                  | 0.30-a0-937-ga0a21ad780
   784 | D:1      | magus.rc [v1.9.6]
   785 | D:2      | Noticed Robin
   862 | D:2      | Killed Robin
   863 | D:2      | Reached XP level 3. HP: 27/30 MP: 3/3
  1065 | D:2      | You fall into a shaft and drop 1 floor!
  1302 | D:3      | Reached skill level 3 in Axes
  1302 | D:3      | Reached XP level 4. HP: 37/37 MP: 4/4
  1334 | D:3      | Found a white marble altar of Elyvilon.
  1335 | D:3      | Found a shimmering altar of Xom.
  1357 | D:3      | Reached skill level 4 in Axes
  1357 | D:3      | Reached XP level 5. HP: 33/42 MP: 5/5
  1367 | D:3      | Found a shadowy altar of Dithmenos.
  1597 | D:2      | Noticed Terence
  1603 | D:2      | Killed Terence
  2058 | D:3      | Noticed Natasha
  2066 | D:3      | Killed Natasha
  2067 | D:3      | Reached skill level 5 in Axes
  2067 | D:3      | Reached XP level 6. HP: 44/48 MP: 6/6
  2328 | D:3      | Noticed Natasha
  2336 | D:3      | Killed Natasha
  2351 | D:3      | Noticed Natasha
  2359 | D:3      | Killed Natasha
  2570 | D:4      | Reached skill level 6 in Axes
  2577 | D:4      | You pick up a book of Geomancy and begin reading...
  2577 | D:4      | You add the spells Sandblast, Passwall and Stone Arrow to
                  | your library.
  2980 | D:4      | Noticed Eustachio
  2996 | D:4      | Killed Eustachio
  2997 | D:4      | Reached XP level 7. HP: 53/53 MP: 7/7
  3005 | D:4      | Noticed Menkaure
  3011 | D:4      | Killed Menkaure
  3012 | D:4      | Reached skill level 7 in Axes
  3159 | D:4      | Found a runed translucent gate.
  3159 | D:4      | Found a runed translucent gate.
  3165 | D:4      | Found a runed translucent gate.
  3168 | D:4      | Noticed SoulCrusher669's ghost (amateur DsGl)
  3356 | D:5      | Entered Level 5 of the Dungeon
  3372 | D:5      | Reached skill level 8 in Axes
  3372 | D:5      | Reached XP level 8. HP: 60/60 MP: 8/8
  3432 | D:5      | Found a transporter.
  3468 | D:5      | Found a staircase to the Ecumenical Temple.
  3474 | D:5      | Found the +1 Delatra's gloves {ID++}
  3477 | Temple   | Entered the Ecumenical Temple
  3541 | Temple   | Became a worshipper of Warmaster Okawaru
  3667 | D:5      | Found a transporter.
  3718 | D:5      | Identified the +4 ring mail of Boisiw {rPois rN+ Regen+
                  | Str-3 Dex+3}
  3980 | D:5      | Reached skill level 9 in Axes
  4275 | D:6      | Reached * piety under Okawaru
  4276 | D:6      | Reached skill level 10 in Axes
  4322 | D:6      | Found a glowing drain.
  4332 | Sewer    | Entered a sewer
  4375 | Sewer    | Reached XP level 9. HP: 61/64 MP: 9/9
  4397 | Sewer    | Found a glowing silver altar of Zin.
  4572 | D:6      | HP: 13/60 [wight/+0 halberd (4)]
  4754 | D:6      | Found a sand-covered staircase.
  4762 | Ossuary  | Entered an ossuary
  4772 | Ossuary  | Reached skill level 11 in Axes
  5307 | D:6      | Reached ** piety under Okawaru
  5524 | D:6      | Reached skill level 12 in Axes
  6274 | D:7      | Reached XP level 10. HP: 40/71 MP: 7/10
  6293 | D:7      | Reached skill level 13 in Axes
  6540 | D:8      | Found a bloodstained altar of Trog.
  6561 | D:8      | Found an opulent altar of Gozag.
  6640 | D:8      | Found a flagged portal.
  6655 | Bailey   | Entered a bailey
  6723 | Bailey   | Reached skill level 14 in Axes
  6778 | Bailey   | Reached *** piety under Okawaru
  6902 | Bailey   | Reached **** piety under Okawaru
  6913 | Bailey   | Identified the +1 shortbow "Plog" {drain, rCorr Int-2 Dex+3
                  | Stlth+}
  7092 | D:8      | Reached skill level 15 in Axes
  7135 | D:8      | Identified the +4 giant spiked club of False Hope {heavy,
                  | Dex+2}
  7437 | D:9      | Reached XP level 11. HP: 73/76 MP: 11/11
  7521 | D:9      | Noticed Maggie
  7523 | D:9      | Noticed a two-headed ogre
  7537 | D:9      | Killed Maggie
  7539 | D:9      | Killed a two-headed ogre
  7539 | D:9      | Reached ***** piety under Okawaru
  7555 | D:9      | Reached skill level 16 in Axes
  7703 | D:9      | Found a staircase to the Lair.
  7865 | D:9      | Noticed a two-headed ogre
  7873 | D:9      | Killed a two-headed ogre
  7913 | D:9      | Found a staircase to the Orcish Mines.
  7921 | D:9      | Noticed a two-headed ogre
  7929 | D:9      | Killed a two-headed ogre
  7932 | D:9      | Found a broken altar of Ashenzari.
  8129 | D:9      | Noticed a centaur warrior
  8144 | D:9      | Killed a centaur warrior
  8145 | D:9      | Reached skill level 4 in Fighting
  8145 | D:9      | Reached skill level 4 in Armour
  8263 | D:9      | Noticed a cyan ugly thing
  8276 | D:9      | HP: 13/78 [cyan ugly thing (16)]
  8286 | D:9      | Killed a cyan ugly thing
  8286 | D:9      | Reached ****** piety under Okawaru
  8298 | D:9      | Received a gift from Okawaru
  8299 | D:9      | Reached skill level 5 in Fighting
  8299 | D:9      | Reached skill level 5 in Armour
  8301 | D:9      | Noticed a five-headed hydra
  8462 | D:9      | Upgraded the game from 0.30-a0-937-ga0a21ad780 to
                  | 0.30-a0-949-g53dc5368d7
  8462 | D:9      | magus.rc [v1.9.6]
  8483 | D:10     | Entered Level 10 of the Dungeon
  8598 | D:10     | Reached XP level 12. HP: 87/87 MP: 12/12
  8630 | D:10     | You pick up a book of Weapons and begin reading...
  8638 | D:10     | Noticed a two-headed ogre
  8647 | D:10     | Killed a two-headed ogre
  8648 | D:10     | Reached skill level 6 in Fighting
  8648 | D:10     | Reached skill level 6 in Armour
  8648 | D:10     | Reached skill level 5 in Shields
  8657 | D:10     | You add the spells Olgreb's Toxic Radiance, Ozocubu's
                  | Refrigeration and Ignition to your library.
  8783 | D:10     | Found a hide-covered altar of Uskayaw.
  8797 | D:10     | Reached skill level 6 in Shields
  8805 | D:10     | Reached skill level 7 in Armour
  9113 | D:11     | Reached skill level 7 in Fighting
  9114 | D:11     | Noticed a two-headed ogre
  9122 | D:11     | Killed a two-headed ogre
  9122 | D:11     | Received a gift from Okawaru
  9189 | D:11     | Noticed Erica
  9208 | D:11     | Killed Erica
  9216 | D:11     | Reached skill level 7 in Shields
  9295 | D:11     | Found Zoshritub's Jewellery Emporium.
  9906 | D:12     | Noticed a two-headed ogre
  9919 | D:12     | Reached skill level 8 in Fighting
  9919 | D:12     | Reached skill level 8 in Armour
  9919 | D:12     | HP: 19/92 [two-headed ogre/+0 giant club (13)]
  9925 | D:12     | Killed a two-headed ogre
  9926 | D:12     | Reached skill level 8 in Shields
  9926 | D:12     | HP: 21/93 [vampire mosquito (2)]
  9939 | D:12     | HP: 15/93 [yak (11)]
  9945 | D:12     | HP: 17/94 [vampire mosquito (8)]
 10014 | D:12     | You add the spells Ignite Poison and Sticky Flame to your
                  | library.
 10055 | D:12     | Noticed a boulder beetle
 10055 | D:12     | Noticed a skeletal warrior
 10181 | Orc:1    | Entered Level 1 of the Orcish Mines
 10181 | Orc:1    | Noticed an orc high priest
 10201 | Orc:1    | Identified the +9 short sword of Isuoziar {flame, *Rage
                  | rCorr Str+8 Stlth-} (Okawaru gifted it to you on level 1 of
                  | the Orcish Mines)
 10201 | Orc:1    | Received a gift from Okawaru
 10209 | Orc:1    | Noticed a sun demon
 10209 | Orc:1    | Noticed a sun demon
 10211 | Orc:1    | Killed an orc high priest
 10212 | Orc:1    | Reached XP level 13. HP: 57/99 MP: 13/13
 10237 | Orc:1    | Reached skill level 9 in Shields
 10366 | Orc:2    | Entered Level 2 of the Orcish Mines
 10451 | Orc:2    | Reached skill level 9 in Armour
 10459 | Orc:2    | Reached skill level 9 in Fighting
 10539 | Orc:2    | Found a staircase to the Elven Halls.
 10649 | Orc:2    | Found a transporter.
 10654 | Orc:2    | Found a transporter.
 10686 | Orc:2    | Noticed Pooter's ghost (journeyman MiBe)
 10917 | Orc:2    | Noticed an orc warlord
 10935 | Orc:2    | HP: 20/99 [orc knight/+0 long sword (13)]
 10943 | Orc:2    | HP: 18/96 [orc sorcerer/bolt of negative energy (8)]
 10944 | Orc:2    | Killed from afar by an orc sorcerer

Vanquished Creatures
  Erica (D:11)
  A centaur warrior (D:9)
  6 two-headed ogres
  An orc high priest (Orc:1)
  An orc knight (Orc:1)
  An ugly thing (D:9)
  A cyclops (D:12)
  A manticore (D:12)
  Maggie (D:9)
  A komodo dragon (D:9)
  5 trolls
  A wind drake (shapeshifter) (D:10)
  2 hornets (D:10)
  2 shadows
  A slime creature (D:9)
  17 yaks
  A spriggan (D:7)
  Eustachio (D:4)
  2 wyverns
  6 vampire mosquitoes (D:12)
  Menkaure (D:4)
  3 wargs
  2 water moccasins
  A black bear (shapeshifter) (D:9)
  3 ice beasts
  11 orc warriors
  A sky beast (D:8)
  2 black bears (D:8)
  7 wolves (Bailey)
  A centaur (D:7)
  4 ogres
  A phantom (D:5)
  An elf zombie (Ossuary)
  3 kobold brigands
  11 gnoll sergeants
  3 scorpions (D:6)
  16 wights
  7 howler monkeys
  6 jellies
  13 orc priests
  3 hounds
  7 gnoll boudas (Bailey)
  3 iguanas
  Natasha (thrice) (D:3)
  19 orc wizards
  Terence (D:2)
  3 mummies (Ossuary)
  Robin (D:2)
  34 gnolls
  9 adders
  5 river rats
  4 white imps
  An ufetubus (D:4)
  3 adder zombies (Ossuary)
  6 worms
  A dart slug (D:4)
  60 orcs
  7 endoplasms
  5 giant cockroaches
  9 goblins
  14 hobgoblins
  5 jackals
  16 kobolds
  4 quokkas
  4 ball pythons
  3 bats
  2 frilled lizards (D:3)
  A gnoll zombie (Ossuary)
  2 goblin zombies (Ossuary)
  3 hobgoblin zombies (Ossuary)
  3 kobold zombies (Ossuary)
  4 quokka zombies (Ossuary)
  6 rats
  A rat zombie (Ossuary)
402 creatures vanquished.

Vanquished Creatures (others)
  4 fungi (D:10)
  10 plants (D:9)
14 creatures vanquished.

Grand Total: 416 creatures vanquished

Table legend:
 A = Non-vault XP
 B = Vault XP
 C = Vault XP percentage of total XP
 D = Non-vault monster count
 E = Vault monster count
 F = Vault count percentage of total count
                 A         B        C        D         E       F
            +---------+---------+-------+---------+---------+-------
      Total |   22335 |    7896 |  26.1 |     279 |     123 |  30.6
            +---------+---------+-------+---------+---------+-------
        D:1 |      18 |       2 |  10.0 |      10 |       1 |   9.1
        D:2 |      35 |      75 |  68.2 |      13 |       9 |  40.9
        D:3 |     170 |      88 |  34.1 |      18 |      14 |  43.8
        D:4 |     150 |     365 |  70.9 |      22 |       2 |   8.3
        D:5 |     771 |       0 |   0.0 |      27 |       0 |   0.0
        D:6 |    1236 |      48 |   3.7 |      25 |       5 |  16.7
        D:7 |     695 |     201 |  22.4 |      17 |       1 |   5.6
        D:8 |     849 |     252 |  22.9 |      13 |       2 |  13.3
        D:9 |    3078 |    3360 |  52.2 |      31 |       7 |  18.4
       D:10 |    4901 |       0 |   0.0 |      27 |       0 |   0.0
       D:11 |    1965 |     819 |  29.4 |      12 |       1 |   7.7
       D:12 |    3968 |       0 |   0.0 |      14 |       0 |   0.0
      Orc:1 |    2472 |       0 |   0.0 |      12 |       0 |   0.0
      Orc:2 |    2027 |     249 |  10.9 |      38 |      12 |  24.0
      Sewer |       0 |     138 | 100.0 |       0 |       9 | 100.0
    Ossuary |       0 |     187 | 100.0 |       0 |      21 | 100.0
     Bailey |       0 |    2112 | 100.0 |       0 |      39 | 100.0
            +---------+---------+-------+---------+---------+-------

Illustrated notes

Table legend:
 A = Kills in this place as a percentage of kills in the entire game.
 B = Kills by you in this place as a percentage of kills by you in the entire game.
 C = Kills by friends in this place as a percentage of kills by friends in the entire game.
 D = Other kills in this place as a percentage of other kills in the entire game.
 E = Experience gained in this place as a percentage of experience gained in the entire game.
 F = Experience gained in this place divided by the number of levels of this place that you have seen.
                   A       B       C       D       E      F
               +-------+-------+-------+-------+-------+----------------------
         Total | 100.0 | 100.0 |   N/A |   N/A | 100.0 | 1679.5
       Dungeon |  67.4 |  67.4 |   N/A |   N/A |  76.2 | 1920.5
  Orcish Mines |  15.4 |  15.4 |   N/A |   N/A |  15.7 | 2374.0
         Sewer |   2.2 |   2.2 |   N/A |   N/A |   0.5 | 138.0
       Ossuary |   5.2 |   5.2 |   N/A |   N/A |   0.6 | 187.0
        Bailey |   9.7 |   9.7 |   N/A |   N/A |   7.0 | 2112.0
               +-------+-------+-------+-------+-------+----------------------

Table legend: (Time is in decaauts)
 A = Elapsed time spent in this place.
 B = Non-inter-level travel time spent in this place.
 C = Inter-level travel time spent in this place.
 D = Time resting spent in this place.
 E = Time spent auto-exploring this place.
 F = Levels seen in this place.
 G = Mean time per level.
                   A        B        C        D        E       F      G
               +--------+--------+--------+--------+--------+-----+--------+
         Total |  10956 |  10309 |    647 |    253 |   7344 |  18 |  608.7 |
       Dungeon |   9310 |   8698 |    612 |    253 |   6358 |  12 |  775.8 |
        Temple |     88 |     63 |     25 |      0 |     51 |   1 |   88.0 |
  Orcish Mines |    727 |    717 |     10 |      0 |    507 |   2 |  363.5 |
         Sewer |    271 |    271 |      0 |      0 |    157 |   1 |  271.0 |
       Ossuary |    147 |    147 |      0 |      0 |     58 |   1 |  147.0 |
        Bailey |    410 |    410 |      0 |      0 |    213 |   1 |  410.0 |
               +--------+--------+--------+--------+--------+-----+--------+

Top non-repeatable levels by time:
     D:9: 1080 daAuts
     D:6: 1032 daAuts
     D:3: 920 daAuts
     D:7: 876 daAuts
     D:2: 853 daAuts
     D:1: 841 daAuts
    D:11: 837 daAuts
     D:4: 825 daAuts
     D:5: 762 daAuts
    D:10: 594 daAuts
   Orc:2: 553 daAuts
     D:8: 518 daAuts
  Bailey: 410 daAuts
   Sewer: 271 daAuts
   Orc:1: 174 daAuts
